%YAML 1.1
%TAG !u! tag:unity3d.com,2011:
--- !u!1 &4573763742186054247
GameObject:
  m_ObjectHideFlags: 0
  m_CorrespondingSourceObject: {fileID: 0}
  m_PrefabInstance: {fileID: 0}
  m_PrefabAsset: {fileID: 0}
  serializedVersion: 6
  m_Component:
  - component: {fileID: 4573763742186054246}
  - component: {fileID: 4573763742186054245}
  - component: {fileID: 4573763742186054244}
  - component: {fileID: 4573763742186054251}
  - component: {fileID: 4573763742186054250}
  m_Layer: 0
  m_Name: Player
  m_TagString: Untagged
  m_Icon: {fileID: 0}
  m_NavMeshLayer: 0
  m_StaticEditorFlags: 0
  m_IsActive: 1
--- !u!4 &4573763742186054246
Transform:
  m_ObjectHideFlags: 0
  m_CorrespondingSourceObject: {fileID: 0}
  m_PrefabInstance: {fileID: 0}
  m_PrefabAsset: {fileID: 0}
  m_GameObject: {fileID: 4573763742186054247}
  m_LocalRotation: {x: 0, y: 0, z: 0, w: 1}
  m_LocalPosition: {x: 0, y: 0, z: 0}
  m_LocalScale: {x: 1, y: 1, z: 1}
  m_Children:
  - {fileID: 4573763743260234199}
  - {fileID: 4103901419702296378}
  - {fileID: 4573763743397058177}
  - {fileID: 4573763743542208291}
  - {fileID: 4573763742989200608}
  m_Father: {fileID: 0}
  m_RootOrder: 0
  m_LocalEulerAnglesHint: {x: 0, y: 0, z: 0}
--- !u!114 &4573763742186054245
MonoBehaviour:
  m_ObjectHideFlags: 0
  m_CorrespondingSourceObject: {fileID: 0}
  m_PrefabInstance: {fileID: 0}
  m_PrefabAsset: {fileID: 0}
  m_GameObject: {fileID: 4573763742186054247}
  m_Enabled: 1
  m_EditorHideFlags: 0
  m_Script: {fileID: 11500000, guid: caaead1c588af5345bbfdd89128b71ad, type: 3}
  m_Name: 
  m_EditorClassIdentifier: 
  moveSpeed: 10
  gm: {fileID: 0}
  anim: {fileID: 4573763742186054244}
  playerObject: {fileID: 3726777300212237696}
  walkSound: {fileID: 4573763742989200615}
--- !u!95 &4573763742186054244
Animator:
  serializedVersion: 3
  m_ObjectHideFlags: 0
  m_CorrespondingSourceObject: {fileID: 0}
  m_PrefabInstance: {fileID: 0}
  m_PrefabAsset: {fileID: 0}
  m_GameObject: {fileID: 4573763742186054247}
  m_Enabled: 1
  m_Avatar: {fileID: 9000000, guid: 439754c65854dfd45befa5e6ce38aab6, type: 3}
  m_Controller: {fileID: 9100000, guid: b9d6c03ae1cd72244b5abc484934073a, type: 2}
  m_CullingMode: 0
  m_UpdateMode: 0
  m_ApplyRootMotion: 0
  m_LinearVelocityBlending: 0
  m_WarningMessage: 
  m_HasTransformHierarchy: 1
  m_AllowConstantClipSamplingOptimization: 1
  m_KeepAnimatorControllerStateOnDisable: 0
--- !u!136 &4573763742186054251
CapsuleCollider:
  m_ObjectHideFlags: 0
  m_CorrespondingSourceObject: {fileID: 0}
  m_PrefabInstance: {fileID: 0}
  m_PrefabAsset: {fileID: 0}
  m_GameObject: {fileID: 4573763742186054247}
  m_Material: {fileID: 0}
  m_IsTrigger: 0
  m_Enabled: 1
  m_Radius: 0.5
  m_Height: 3.9194746
  m_Direction: 1
  m_Center: {x: 0, y: 2.9093895, z: 0}
--- !u!54 &4573763742186054250
Rigidbody:
  m_ObjectHideFlags: 0
  m_CorrespondingSourceObject: {fileID: 0}
  m_PrefabInstance: {fileID: 0}
  m_PrefabAsset: {fileID: 0}
  m_GameObject: {fileID: 4573763742186054247}
  serializedVersion: 2
  m_Mass: 1
  m_Drag: 0
  m_AngularDrag: 0.05
  m_UseGravity: 0
  m_IsKinematic: 0
  m_Interpolate: 0
  m_Constraints: 84
  m_CollisionDetection: 0
--- !u!1 &4573763742989200609
GameObject:
  m_ObjectHideFlags: 0
  m_CorrespondingSourceObject: {fileID: 0}
  m_PrefabInstance: {fileID: 0}
  m_PrefabAsset: {fileID: 0}
  serializedVersion: 6
  m_Component:
  - component: {fileID: 4573763742989200608}
  - component: {fileID: 4573763742989200615}
  m_Layer: 0
  m_Name: Walk
  m_TagString: Untagged
  m_Icon: {fileID: 0}
  m_NavMeshLayer: 0
  m_StaticEditorFlags: 0
  m_IsActive: 1
--- !u!4 &4573763742989200608
Transform:
  m_ObjectHideFlags: 0
  m_CorrespondingSourceObject: {fileID: 0}
  m_PrefabInstance: {fileID: 0}
  m_PrefabAsset: {fileID: 0}
  m_GameObject: {fileID: 4573763742989200609}
  m_LocalRotation: {x: 0, y: 0, z: 0, w: 1}
  m_LocalPosition: {x: 0, y: 0, z: 0}
  m_LocalScale: {x: 1, y: 1, z: 1}
  m_Children: []
  m_Father: {fileID: 4573763742186054246}
  m_RootOrder: 4
  m_LocalEulerAnglesHint: {x: 0, y: 0, z: 0}
--- !u!82 &4573763742989200615
AudioSource:
  m_ObjectHideFlags: 0
  m_CorrespondingSourceObject: {fileID: 0}
  m_PrefabInstance: {fileID: 0}
  m_PrefabAsset: {fileID: 0}
  m_GameObject: {fileID: 4573763742989200609}
  m_Enabled: 1
  serializedVersion: 4
  OutputAudioMixerGroup: {fileID: 0}
  m_audioClip: {fileID: 8300000, guid: dadaa610dcc8540478eb22b5eb22600d, type: 3}
  m_PlayOnAwake: 0
  m_Volume: 1
  m_Pitch: 1
  Loop: 1
  Mute: 0
  Spatialize: 0
  SpatializePostEffects: 0
  Priority: 128
  DopplerLevel: 1
  MinDistance: 85.69561
  MaxDistance: 500
  Pan2D: 0
  rolloffMode: 0
  BypassEffects: 0
  BypassListenerEffects: 0
  BypassReverbZones: 0
  rolloffCustomCurve:
    serializedVersion: 2
    m_Curve:
    - serializedVersion: 3
      time: 0
      value: 1
      inSlope: 0
      outSlope: 0
      tangentMode: 0
      weightedMode: 0
      inWeight: 0.33333334
      outWeight: 0.33333334
    - serializedVersion: 3
      time: 1
      value: 0
      inSlope: 0
      outSlope: 0
      tangentMode: 0
      weightedMode: 0
      inWeight: 0.33333334
      outWeight: 0.33333334
    m_PreInfinity: 2
    m_PostInfinity: 2
    m_RotationOrder: 4
  panLevelCustomCurve:
    serializedVersion: 2
    m_Curve:
    - serializedVersion: 3
      time: 0
      value: 0
      inSlope: 0
      outSlope: 0
      tangentMode: 0
      weightedMode: 0
      inWeight: 0.33333334
      outWeight: 0.33333334
    m_PreInfinity: 2
    m_PostInfinity: 2
    m_RotationOrder: 4
  spreadCustomCurve:
    serializedVersion: 2
    m_Curve:
    - serializedVersion: 3
      time: 0
      value: 0
      inSlope: 0
      outSlope: 0
      tangentMode: 0
      weightedMode: 0
      inWeight: 0.33333334
      outWeight: 0.33333334
    m_PreInfinity: 2
    m_PostInfinity: 2
    m_RotationOrder: 4
  reverbZoneMixCustomCurve:
    serializedVersion: 2
    m_Curve:
    - serializedVersion: 3
      time: 0
      value: 1
      inSlope: 0
      outSlope: 0
      tangentMode: 0
      weightedMode: 0
      inWeight: 0.33333334
      outWeight: 0.33333334
    m_PreInfinity: 2
    m_PostInfinity: 2
    m_RotationOrder: 4
--- !u!1 &4573763743260234194
GameObject:
  m_ObjectHideFlags: 0
  m_CorrespondingSourceObject: {fileID: 0}
  m_PrefabInstance: {fileID: 0}
  m_PrefabAsset: {fileID: 0}
  serializedVersion: 6
  m_Component:
  - component: {fileID: 4573763743260234199}
  - component: {fileID: 4573763743260234192}
  - component: {fileID: 4573763743260234193}
  - component: {fileID: 4573763743260234198}
  m_Layer: 0
  m_Name: Main Camera
  m_TagString: MainCamera
  m_Icon: {fileID: 0}
  m_NavMeshLayer: 0
  m_StaticEditorFlags: 0
  m_IsActive: 1
--- !u!4 &4573763743260234199
Transform:
  m_ObjectHideFlags: 0
  m_CorrespondingSourceObject: {fileID: 0}
  m_PrefabInstance: {fileID: 0}
  m_PrefabAsset: {fileID: 0}
  m_GameObject: {fileID: 4573763743260234194}
  m_LocalRotation: {x: 0.6427876, y: 0, z: 0, w: 0.7660445}
  m_LocalPosition: {x: 0, y: 30.7, z: -5.5}
  m_LocalScale: {x: 1, y: 1, z: 1}
  m_Children: []
  m_Father: {fileID: 4573763742186054246}
  m_RootOrder: 0
  m_LocalEulerAnglesHint: {x: 80, y: 0, z: 0}
--- !u!20 &4573763743260234192
Camera:
  m_ObjectHideFlags: 0
  m_CorrespondingSourceObject: {fileID: 0}
  m_PrefabInstance: {fileID: 0}
  m_PrefabAsset: {fileID: 0}
  m_GameObject: {fileID: 4573763743260234194}
  m_Enabled: 1
  serializedVersion: 2
  m_ClearFlags: 1
  m_BackGroundColor: {r: 0.19215687, g: 0.3019608, b: 0.4745098, a: 0}
  m_projectionMatrixMode: 1
  m_GateFitMode: 2
  m_FOVAxisMode: 0
  m_SensorSize: {x: 36, y: 24}
  m_LensShift: {x: 0, y: 0}
  m_FocalLength: 50
  m_NormalizedViewPortRect:
    serializedVersion: 2
    x: 0
    y: 0
    width: 1
    height: 1
  near clip plane: 0.3
  far clip plane: 80
  field of view: 60
  orthographic: 0
  orthographic size: 13
  m_Depth: -1
  m_CullingMask:
    serializedVersion: 2
    m_Bits: 4294967295
  m_RenderingPath: -1
  m_TargetTexture: {fileID: 0}
  m_TargetDisplay: 0
  m_TargetEye: 3
  m_HDR: 1
  m_AllowMSAA: 1
  m_AllowDynamicResolution: 0
  m_ForceIntoRT: 0
  m_OcclusionCulling: 1
  m_StereoConvergence: 10
  m_StereoSeparation: 0.022
--- !u!81 &4573763743260234193
AudioListener:
  m_ObjectHideFlags: 0
  m_CorrespondingSourceObject: {fileID: 0}
  m_PrefabInstance: {fileID: 0}
  m_PrefabAsset: {fileID: 0}
  m_GameObject: {fileID: 4573763743260234194}
  m_Enabled: 1
--- !u!114 &4573763743260234198
MonoBehaviour:
  m_ObjectHideFlags: 0
  m_CorrespondingSourceObject: {fileID: 0}
  m_PrefabInstance: {fileID: 0}
  m_PrefabAsset: {fileID: 0}
  m_GameObject: {fileID: 4573763743260234194}
  m_Enabled: 1
  m_EditorHideFlags: 0
  m_Script: {fileID: 11500000, guid: 18c6f5d617685d74cad80f81b65b9a9b, type: 3}
  m_Name: 
  m_EditorClassIdentifier: 
  camName: Main
--- !u!1 &4573763743397058178
GameObject:
  m_ObjectHideFlags: 0
  m_CorrespondingSourceObject: {fileID: 0}
  m_PrefabInstance: {fileID: 0}
  m_PrefabAsset: {fileID: 0}
  serializedVersion: 6
  m_Component:
  - component: {fileID: 4573763743397058177}
  - component: {fileID: 4573763743397058176}
  m_Layer: 0
  m_Name: Music
  m_TagString: Untagged
  m_Icon: {fileID: 0}
  m_NavMeshLayer: 0
  m_StaticEditorFlags: 0
  m_IsActive: 1
--- !u!4 &4573763743397058177
Transform:
  m_ObjectHideFlags: 0
  m_CorrespondingSourceObject: {fileID: 0}
  m_PrefabInstance: {fileID: 0}
  m_PrefabAsset: {fileID: 0}
  m_GameObject: {fileID: 4573763743397058178}
  m_LocalRotation: {x: 0, y: 0, z: 0, w: 1}
  m_LocalPosition: {x: 0, y: 0, z: 0}
  m_LocalScale: {x: 1, y: 1, z: 1}
  m_Children: []
  m_Father: {fileID: 4573763742186054246}
  m_RootOrder: 2
  m_LocalEulerAnglesHint: {x: 0, y: 0, z: 0}
--- !u!82 &4573763743397058176
AudioSource:
  m_ObjectHideFlags: 0
  m_CorrespondingSourceObject: {fileID: 0}
  m_PrefabInstance: {fileID: 0}
  m_PrefabAsset: {fileID: 0}
  m_GameObject: {fileID: 4573763743397058178}
  m_Enabled: 1
  serializedVersion: 4
  OutputAudioMixerGroup: {fileID: 0}
  m_audioClip: {fileID: 0}
  m_PlayOnAwake: 1
  m_Volume: 0.735
  m_Pitch: 1
  Loop: 0
  Mute: 0
  Spatialize: 0
  SpatializePostEffects: 0
  Priority: 128
  DopplerLevel: 1
  MinDistance: 85.69561
  MaxDistance: 500
  Pan2D: 0
  rolloffMode: 0
  BypassEffects: 0
  BypassListenerEffects: 0
  BypassReverbZones: 0
  rolloffCustomCurve:
    serializedVersion: 2
    m_Curve:
    - serializedVersion: 3
      time: 0
      value: 1
      inSlope: 0
      outSlope: 0
      tangentMode: 0
      weightedMode: 0
      inWeight: 0.33333334
      outWeight: 0.33333334
    - serializedVersion: 3
      time: 1
      value: 0
      inSlope: 0
      outSlope: 0
      tangentMode: 0
      weightedMode: 0
      inWeight: 0.33333334
      outWeight: 0.33333334
    m_PreInfinity: 2
    m_PostInfinity: 2
    m_RotationOrder: 4
  panLevelCustomCurve:
    serializedVersion: 2
    m_Curve:
    - serializedVersion: 3
      time: 0
      value: 0
      inSlope: 0
      outSlope: 0
      tangentMode: 0
      weightedMode: 0
      inWeight: 0.33333334
      outWeight: 0.33333334
    m_PreInfinity: 2
    m_PostInfinity: 2
    m_RotationOrder: 4
  spreadCustomCurve:
    serializedVersion: 2
    m_Curve:
    - serializedVersion: 3
      time: 0
      value: 0
      inSlope: 0
      outSlope: 0
      tangentMode: 0
      weightedMode: 0
      inWeight: 0.33333334
      outWeight: 0.33333334
    m_PreInfinity: 2
    m_PostInfinity: 2
    m_RotationOrder: 4
  reverbZoneMixCustomCurve:
    serializedVersion: 2
    m_Curve:
    - serializedVersion: 3
      time: 0
      value: 1
      inSlope: 0
      outSlope: 0
      tangentMode: 0
      weightedMode: 0
      inWeight: 0.33333334
      outWeight: 0.33333334
    m_PreInfinity: 2
    m_PostInfinity: 2
    m_RotationOrder: 4
--- !u!1 &4573763743542208476
GameObject:
  m_ObjectHideFlags: 0
  m_CorrespondingSourceObject: {fileID: 0}
  m_PrefabInstance: {fileID: 0}
  m_PrefabAsset: {fileID: 0}
  serializedVersion: 6
  m_Component:
  - component: {fileID: 4573763743542208291}
  - component: {fileID: 4573763743542208290}
  m_Layer: 0
  m_Name: FX
  m_TagString: Untagged
  m_Icon: {fileID: 0}
  m_NavMeshLayer: 0
  m_StaticEditorFlags: 0
  m_IsActive: 1
--- !u!4 &4573763743542208291
Transform:
  m_ObjectHideFlags: 0
  m_CorrespondingSourceObject: {fileID: 0}
  m_PrefabInstance: {fileID: 0}
  m_PrefabAsset: {fileID: 0}
  m_GameObject: {fileID: 4573763743542208476}
  m_LocalRotation: {x: 0, y: 0, z: 0, w: 1}
  m_LocalPosition: {x: 0, y: 0, z: 0}
  m_LocalScale: {x: 1, y: 1, z: 1}
  m_Children: []
  m_Father: {fileID: 4573763742186054246}
  m_RootOrder: 3
  m_LocalEulerAnglesHint: {x: 0, y: 0, z: 0}
--- !u!82 &4573763743542208290
AudioSource:
  m_ObjectHideFlags: 0
  m_CorrespondingSourceObject: {fileID: 0}
  m_PrefabInstance: {fileID: 0}
  m_PrefabAsset: {fileID: 0}
  m_GameObject: {fileID: 4573763743542208476}
  m_Enabled: 1
  serializedVersion: 4
  OutputAudioMixerGroup: {fileID: 0}
  m_audioClip: {fileID: 0}
  m_PlayOnAwake: 1
  m_Volume: 0.722
  m_Pitch: 1
  Loop: 0
  Mute: 0
  Spatialize: 0
  SpatializePostEffects: 0
  Priority: 128
  DopplerLevel: 1
  MinDistance: 85.69561
  MaxDistance: 500
  Pan2D: 0
  rolloffMode: 0
  BypassEffects: 0
  BypassListenerEffects: 0
  BypassReverbZones: 0
  rolloffCustomCurve:
    serializedVersion: 2
    m_Curve:
    - serializedVersion: 3
      time: 0
      value: 1
      inSlope: 0
      outSlope: 0
      tangentMode: 0
      weightedMode: 0
      inWeight: 0.33333334
      outWeight: 0.33333334
    - serializedVersion: 3
      time: 1
      value: 0
      inSlope: 0
      outSlope: 0
      tangentMode: 0
      weightedMode: 0
      inWeight: 0.33333334
      outWeight: 0.33333334
    m_PreInfinity: 2
    m_PostInfinity: 2
    m_RotationOrder: 4
  panLevelCustomCurve:
    serializedVersion: 2
    m_Curve:
    - serializedVersion: 3
      time: 0
      value: 0
      inSlope: 0
      outSlope: 0
      tangentMode: 0
      weightedMode: 0
      inWeight: 0.33333334
      outWeight: 0.33333334
    m_PreInfinity: 2
    m_PostInfinity: 2
    m_RotationOrder: 4
  spreadCustomCurve:
    serializedVersion: 2
    m_Curve:
    - serializedVersion: 3
      time: 0
      value: 0
      inSlope: 0
      outSlope: 0
      tangentMode: 0
      weightedMode: 0
      inWeight: 0.33333334
      outWeight: 0.33333334
    m_PreInfinity: 2
    m_PostInfinity: 2
    m_RotationOrder: 4
  reverbZoneMixCustomCurve:
    serializedVersion: 2
    m_Curve:
    - serializedVersion: 3
      time: 0
      value: 1
      inSlope: 0
      outSlope: 0
      tangentMode: 0
      weightedMode: 0
      inWeight: 0.33333334
      outWeight: 0.33333334
    m_PreInfinity: 2
    m_PostInfinity: 2
    m_RotationOrder: 4
--- !u!1001 &4573763744075544785
PrefabInstance:
  m_ObjectHideFlags: 0
  serializedVersion: 2
  m_Modification:
    m_TransformParent: {fileID: 4573763742186054246}
    m_Modifications:
    - target: {fileID: -8679921383154817045, guid: 439754c65854dfd45befa5e6ce38aab6, type: 3}
      propertyPath: m_RootOrder
      value: 1
      objectReference: {fileID: 0}
    - target: {fileID: -8679921383154817045, guid: 439754c65854dfd45befa5e6ce38aab6, type: 3}
      propertyPath: m_LocalPosition.x
      value: 0
      objectReference: {fileID: 0}
    - target: {fileID: -8679921383154817045, guid: 439754c65854dfd45befa5e6ce38aab6, type: 3}
      propertyPath: m_LocalPosition.y
      value: 0.5
      objectReference: {fileID: 0}
    - target: {fileID: -8679921383154817045, guid: 439754c65854dfd45befa5e6ce38aab6, type: 3}
      propertyPath: m_LocalPosition.z
      value: 0
      objectReference: {fileID: 0}
    - target: {fileID: -8679921383154817045, guid: 439754c65854dfd45befa5e6ce38aab6, type: 3}
      propertyPath: m_LocalRotation.w
      value: 1
      objectReference: {fileID: 0}
    - target: {fileID: -8679921383154817045, guid: 439754c65854dfd45befa5e6ce38aab6, type: 3}
      propertyPath: m_LocalRotation.x
      value: 0
      objectReference: {fileID: 0}
    - target: {fileID: -8679921383154817045, guid: 439754c65854dfd45befa5e6ce38aab6, type: 3}
      propertyPath: m_LocalRotation.y
      value: 0
      objectReference: {fileID: 0}
    - target: {fileID: -8679921383154817045, guid: 439754c65854dfd45befa5e6ce38aab6, type: 3}
      propertyPath: m_LocalRotation.z
      value: 0
      objectReference: {fileID: 0}
    - target: {fileID: -8679921383154817045, guid: 439754c65854dfd45befa5e6ce38aab6, type: 3}
      propertyPath: m_LocalEulerAnglesHint.x
      value: 0
      objectReference: {fileID: 0}
    - target: {fileID: -8679921383154817045, guid: 439754c65854dfd45befa5e6ce38aab6, type: 3}
      propertyPath: m_LocalEulerAnglesHint.y
      value: 0
      objectReference: {fileID: 0}
    - target: {fileID: -8679921383154817045, guid: 439754c65854dfd45befa5e6ce38aab6, type: 3}
      propertyPath: m_LocalEulerAnglesHint.z
      value: 0
      objectReference: {fileID: 0}
    - target: {fileID: -8021001004253913084, guid: 439754c65854dfd45befa5e6ce38aab6, type: 3}
      propertyPath: m_LocalPosition.x
      value: -1.947646e-10
      objectReference: {fileID: 0}
    - target: {fileID: -8021001004253913084, guid: 439754c65854dfd45befa5e6ce38aab6, type: 3}
      propertyPath: m_LocalPosition.y
      value: 0.39444962
      objectReference: {fileID: 0}
    - target: {fileID: -8021001004253913084, guid: 439754c65854dfd45befa5e6ce38aab6, type: 3}
      propertyPath: m_LocalPosition.z
      value: 0
      objectReference: {fileID: 0}
    - target: {fileID: -8021001004253913084, guid: 439754c65854dfd45befa5e6ce38aab6, type: 3}
      propertyPath: m_LocalRotation.w
      value: 0.99696046
      objectReference: {fileID: 0}
    - target: {fileID: -8021001004253913084, guid: 439754c65854dfd45befa5e6ce38aab6, type: 3}
      propertyPath: m_LocalRotation.x
      value: 0.07724521
      objectReference: {fileID: 0}
    - target: {fileID: -8021001004253913084, guid: 439754c65854dfd45befa5e6ce38aab6, type: 3}
      propertyPath: m_LocalRotation.y
      value: -0.010145186
      objectReference: {fileID: 0}
    - target: {fileID: -8021001004253913084, guid: 439754c65854dfd45befa5e6ce38aab6, type: 3}
      propertyPath: m_LocalRotation.z
      value: 0.00047904247
      objectReference: {fileID: 0}
    - target: {fileID: -6874584590210671055, guid: 439754c65854dfd45befa5e6ce38aab6, type: 3}
      propertyPath: m_LocalPosition.x
      value: 0.0000000032596268
      objectReference: {fileID: 0}
    - target: {fileID: -6874584590210671055, guid: 439754c65854dfd45befa5e6ce38aab6, type: 3}
      propertyPath: m_LocalPosition.y
      value: 0.88913214
      objectReference: {fileID: 0}
    - target: {fileID: -6874584590210671055, guid: 439754c65854dfd45befa5e6ce38aab6, type: 3}
      propertyPath: m_LocalPosition.z
      value: -5.4569658e-11
      objectReference: {fileID: 0}
    - target: {fileID: -6874584590210671055, guid: 439754c65854dfd45befa5e6ce38aab6, type: 3}
      propertyPath: m_LocalRotation.w
      value: 0.86934763
      objectReference: {fileID: 0}
    - target: {fileID: -6874584590210671055, guid: 439754c65854dfd45befa5e6ce38aab6, type: 3}
      propertyPath: m_LocalRotation.x
      value: 0.4706822
      objectReference: {fileID: 0}
    - target: {fileID: -6874584590210671055, guid: 439754c65854dfd45befa5e6ce38aab6, type: 3}
      propertyPath: m_LocalRotation.y
      value: 0.144936
      objectReference: {fileID: 0}
    - target: {fileID: -6874584590210671055, guid: 439754c65854dfd45befa5e6ce38aab6, type: 3}
      propertyPath: m_LocalRotation.z
      value: -0.041067544
      objectReference: {fileID: 0}
    - target: {fileID: -6803169544883306252, guid: 439754c65854dfd45befa5e6ce38aab6, type: 3}
      propertyPath: m_LocalPosition.x
      value: -0.17836033
      objectReference: {fileID: 0}
    - target: {fileID: -6803169544883306252, guid: 439754c65854dfd45befa5e6ce38aab6, type: 3}
      propertyPath: m_LocalPosition.y
      value: 0.4416231
      objectReference: {fileID: 0}
    - target: {fileID: -6803169544883306252, guid: 439754c65854dfd45befa5e6ce38aab6, type: 3}
      propertyPath: m_LocalPosition.z
      value: -0.0025340088
      objectReference: {fileID: 0}
    - target: {fileID: -6803169544883306252, guid: 439754c65854dfd45befa5e6ce38aab6, type: 3}
      propertyPath: m_LocalRotation.w
      value: 0.45285296
      objectReference: {fileID: 0}
    - target: {fileID: -6803169544883306252, guid: 439754c65854dfd45befa5e6ce38aab6, type: 3}
      propertyPath: m_LocalRotation.x
      value: 0.55165714
      objectReference: {fileID: 0}
    - target: {fileID: -6803169544883306252, guid: 439754c65854dfd45befa5e6ce38aab6, type: 3}
      propertyPath: m_LocalRotation.y
      value: -0.43950313
      objectReference: {fileID: 0}
    - target: {fileID: -6803169544883306252, guid: 439754c65854dfd45befa5e6ce38aab6, type: 3}
      propertyPath: m_LocalRotation.z
      value: 0.54537654
      objectReference: {fileID: 0}
    - target: {fileID: -3746190272939815206, guid: 439754c65854dfd45befa5e6ce38aab6, type: 3}
      propertyPath: m_LocalPosition.x
      value: -0.0000000055879332
      objectReference: {fileID: 0}
    - target: {fileID: -3746190272939815206, guid: 439754c65854dfd45befa5e6ce38aab6, type: 3}
      propertyPath: m_LocalPosition.z
      value: -9.313226e-10
      objectReference: {fileID: 0}
    - target: {fileID: -3746190272939815206, guid: 439754c65854dfd45befa5e6ce38aab6, type: 3}
      propertyPath: m_LocalRotation.w
      value: 0.9524629
      objectReference: {fileID: 0}
    - target: {fileID: -3746190272939815206, guid: 439754c65854dfd45befa5e6ce38aab6, type: 3}
      propertyPath: m_LocalRotation.x
      value: -0.2674594
      objectReference: {fileID: 0}
    - target: {fileID: -3746190272939815206, guid: 439754c65854dfd45befa5e6ce38aab6, type: 3}
      propertyPath: m_LocalRotation.y
      value: -0.14549518
      objectReference: {fileID: 0}
    - target: {fileID: -3746190272939815206, guid: 439754c65854dfd45befa5e6ce38aab6, type: 3}
      propertyPath: m_LocalRotation.z
      value: 0.010539626
      objectReference: {fileID: 0}
    - target: {fileID: -3480699329000672020, guid: 439754c65854dfd45befa5e6ce38aab6, type: 3}
      propertyPath: m_LocalPosition.x
      value: -1.8930071e-10
      objectReference: {fileID: 0}
    - target: {fileID: -3480699329000672020, guid: 439754c65854dfd45befa5e6ce38aab6, type: 3}
      propertyPath: m_LocalPosition.y
      value: 0.33790278
      objectReference: {fileID: 0}
    - target: {fileID: -3480699329000672020, guid: 439754c65854dfd45befa5e6ce38aab6, type: 3}
      propertyPath: m_LocalRotation.w
      value: 0.9960619
      objectReference: {fileID: 0}
    - target: {fileID: -3480699329000672020, guid: 439754c65854dfd45befa5e6ce38aab6, type: 3}
      propertyPath: m_LocalRotation.x
      value: 0.08784094
      objectReference: {fileID: 0}
    - target: {fileID: -3480699329000672020, guid: 439754c65854dfd45befa5e6ce38aab6, type: 3}
      propertyPath: m_LocalRotation.y
      value: -0.010656995
      objectReference: {fileID: 0}
    - target: {fileID: -3480699329000672020, guid: 439754c65854dfd45befa5e6ce38aab6, type: 3}
      propertyPath: m_LocalRotation.z
      value: 0.0055779503
      objectReference: {fileID: 0}
    - target: {fileID: -3432401550182100168, guid: 439754c65854dfd45befa5e6ce38aab6, type: 3}
      propertyPath: m_LocalPosition.x
      value: 0.000000026542697
      objectReference: {fileID: 0}
    - target: {fileID: -3432401550182100168, guid: 439754c65854dfd45befa5e6ce38aab6, type: 3}
      propertyPath: m_LocalPosition.y
      value: 0.3915074
      objectReference: {fileID: 0}
    - target: {fileID: -3432401550182100168, guid: 439754c65854dfd45befa5e6ce38aab6, type: 3}
      propertyPath: m_LocalPosition.z
      value: -0.00000006705523
      objectReference: {fileID: 0}
    - target: {fileID: -3432401550182100168, guid: 439754c65854dfd45befa5e6ce38aab6, type: 3}
      propertyPath: m_LocalRotation.w
      value: 0.853556
      objectReference: {fileID: 0}
    - target: {fileID: -3432401550182100168, guid: 439754c65854dfd45befa5e6ce38aab6, type: 3}
      propertyPath: m_LocalRotation.x
      value: 0.4206186
      objectReference: {fileID: 0}
    - target: {fileID: -3432401550182100168, guid: 439754c65854dfd45befa5e6ce38aab6, type: 3}
      propertyPath: m_LocalRotation.y
      value: -0.025344249
      objectReference: {fileID: 0}
    - target: {fileID: -3432401550182100168, guid: 439754c65854dfd45befa5e6ce38aab6, type: 3}
      propertyPath: m_LocalRotation.z
      value: -0.30639836
      objectReference: {fileID: 0}
    - target: {fileID: -3321919801592875672, guid: 439754c65854dfd45befa5e6ce38aab6, type: 3}
      propertyPath: m_LocalPosition.x
      value: -1.076029e-17
      objectReference: {fileID: 0}
    - target: {fileID: -3321919801592875672, guid: 439754c65854dfd45befa5e6ce38aab6, type: 3}
      propertyPath: m_LocalPosition.y
      value: 0.24182057
      objectReference: {fileID: 0}
    - target: {fileID: -3321919801592875672, guid: 439754c65854dfd45befa5e6ce38aab6, type: 3}
      propertyPath: m_LocalPosition.z
      value: 0.000783979
      objectReference: {fileID: 0}
    - target: {fileID: -3321919801592875672, guid: 439754c65854dfd45befa5e6ce38aab6, type: 3}
      propertyPath: m_LocalRotation.w
      value: 0.92900145
      objectReference: {fileID: 0}
    - target: {fileID: -3321919801592875672, guid: 439754c65854dfd45befa5e6ce38aab6, type: 3}
      propertyPath: m_LocalRotation.x
      value: -0.36831892
      objectReference: {fileID: 0}
    - target: {fileID: -3321919801592875672, guid: 439754c65854dfd45befa5e6ce38aab6, type: 3}
      propertyPath: m_LocalRotation.y
      value: -0.025675748
      objectReference: {fileID: 0}
    - target: {fileID: -3321919801592875672, guid: 439754c65854dfd45befa5e6ce38aab6, type: 3}
      propertyPath: m_LocalRotation.z
      value: 0.025266498
      objectReference: {fileID: 0}
    - target: {fileID: -2770666803903516498, guid: 439754c65854dfd45befa5e6ce38aab6, type: 3}
      propertyPath: m_LocalPosition.x
      value: -0.0000000074505713
      objectReference: {fileID: 0}
    - target: {fileID: -2770666803903516498, guid: 439754c65854dfd45befa5e6ce38aab6, type: 3}
      propertyPath: m_LocalPosition.y
      value: 0.36765864
      objectReference: {fileID: 0}
    - target: {fileID: -2770666803903516498, guid: 439754c65854dfd45befa5e6ce38aab6, type: 3}
      propertyPath: m_LocalPosition.z
      value: -0.00000011920921
      objectReference: {fileID: 0}
    - target: {fileID: -2770666803903516498, guid: 439754c65854dfd45befa5e6ce38aab6, type: 3}
      propertyPath: m_LocalRotation.w
      value: 0.951159
      objectReference: {fileID: 0}
    - target: {fileID: -2770666803903516498, guid: 439754c65854dfd45befa5e6ce38aab6, type: 3}
      propertyPath: m_LocalRotation.x
      value: 0.28398946
      objectReference: {fileID: 0}
    - target: {fileID: -2770666803903516498, guid: 439754c65854dfd45befa5e6ce38aab6, type: 3}
      propertyPath: m_LocalRotation.y
      value: 0.11596635
      objectReference: {fileID: 0}
    - target: {fileID: -2770666803903516498, guid: 439754c65854dfd45befa5e6ce38aab6, type: 3}
      propertyPath: m_LocalRotation.z
      value: -0.034618422
      objectReference: {fileID: 0}
    - target: {fileID: -2072040086291044643, guid: 439754c65854dfd45befa5e6ce38aab6, type: 3}
      propertyPath: m_LocalPosition.x
      value: 0.0000000055879332
      objectReference: {fileID: 0}
    - target: {fileID: -2072040086291044643, guid: 439754c65854dfd45befa5e6ce38aab6, type: 3}
      propertyPath: m_LocalPosition.y
      value: 0.8973734
      objectReference: {fileID: 0}
    - target: {fileID: -2072040086291044643, guid: 439754c65854dfd45befa5e6ce38aab6, type: 3}
      propertyPath: m_LocalPosition.z
      value: -2.910383e-10
      objectReference: {fileID: 0}
    - target: {fileID: -2072040086291044643, guid: 439754c65854dfd45befa5e6ce38aab6, type: 3}
      propertyPath: m_LocalRotation.w
      value: 0.9595834
      objectReference: {fileID: 0}
    - target: {fileID: -2072040086291044643, guid: 439754c65854dfd45befa5e6ce38aab6, type: 3}
      propertyPath: m_LocalRotation.x
      value: -0.25470075
      objectReference: {fileID: 0}
    - target: {fileID: -2072040086291044643, guid: 439754c65854dfd45befa5e6ce38aab6, type: 3}
      propertyPath: m_LocalRotation.y
      value: 0.11958773
      objectReference: {fileID: 0}
    - target: {fileID: -2072040086291044643, guid: 439754c65854dfd45befa5e6ce38aab6, type: 3}
      propertyPath: m_LocalRotation.z
      value: 0.005108344
      objectReference: {fileID: 0}
    - target: {fileID: -1812909498023395591, guid: 439754c65854dfd45befa5e6ce38aab6, type: 3}
      propertyPath: m_LocalPosition.x
      value: 0.00000019511205
      objectReference: {fileID: 0}
    - target: {fileID: -1812909498023395591, guid: 439754c65854dfd45befa5e6ce38aab6, type: 3}
      propertyPath: m_LocalPosition.y
      value: 0.6391655
      objectReference: {fileID: 0}
    - target: {fileID: -1812909498023395591, guid: 439754c65854dfd45befa5e6ce38aab6, type: 3}
      propertyPath: m_LocalPosition.z
      value: 0.00000019371502
      objectReference: {fileID: 0}
    - target: {fileID: -1812909498023395591, guid: 439754c65854dfd45befa5e6ce38aab6, type: 3}
      propertyPath: m_LocalRotation.w
      value: 0.4131683
      objectReference: {fileID: 0}
    - target: {fileID: -1812909498023395591, guid: 439754c65854dfd45befa5e6ce38aab6, type: 3}
      propertyPath: m_LocalRotation.x
      value: -0.60372734
      objectReference: {fileID: 0}
    - target: {fileID: -1812909498023395591, guid: 439754c65854dfd45befa5e6ce38aab6, type: 3}
      propertyPath: m_LocalRotation.y
      value: -0.4030575
      objectReference: {fileID: 0}
    - target: {fileID: -1812909498023395591, guid: 439754c65854dfd45befa5e6ce38aab6, type: 3}
      propertyPath: m_LocalRotation.z
      value: -0.5498635
      objectReference: {fileID: 0}
    - target: {fileID: 366175167995203695, guid: 439754c65854dfd45befa5e6ce38aab6, type: 3}
      propertyPath: m_LocalPosition.x
      value: 2.3878436e-11
      objectReference: {fileID: 0}
    - target: {fileID: 366175167995203695, guid: 439754c65854dfd45befa5e6ce38aab6, type: 3}
      propertyPath: m_LocalPosition.y
      value: 0.45079952
      objectReference: {fileID: 0}
    - target: {fileID: 366175167995203695, guid: 439754c65854dfd45befa5e6ce38aab6, type: 3}
      propertyPath: m_LocalPosition.z
      value: 0.0000000037252907
      objectReference: {fileID: 0}
    - target: {fileID: 366175167995203695, guid: 439754c65854dfd45befa5e6ce38aab6, type: 3}
      propertyPath: m_LocalRotation.w
      value: 0.9969603
      objectReference: {fileID: 0}
    - target: {fileID: 366175167995203695, guid: 439754c65854dfd45befa5e6ce38aab6, type: 3}
      propertyPath: m_LocalRotation.x
      value: 0.07732887
      objectReference: {fileID: 0}
    - target: {fileID: 366175167995203695, guid: 439754c65854dfd45befa5e6ce38aab6, type: 3}
      propertyPath: m_LocalRotation.y
      value: -0.009492665
      objectReference: {fileID: 0}
    - target: {fileID: 366175167995203695, guid: 439754c65854dfd45befa5e6ce38aab6, type: 3}
      propertyPath: m_LocalRotation.z
      value: 0.00069549674
      objectReference: {fileID: 0}
    - target: {fileID: 608321761475470972, guid: 439754c65854dfd45befa5e6ce38aab6, type: 3}
      propertyPath: m_LocalPosition.x
      value: -0.000000002793966
      objectReference: {fileID: 0}
    - target: {fileID: 608321761475470972, guid: 439754c65854dfd45befa5e6ce38aab6, type: 3}
      propertyPath: m_LocalPosition.y
      value: 0.88913596
      objectReference: {fileID: 0}
    - target: {fileID: 608321761475470972, guid: 439754c65854dfd45befa5e6ce38aab6, type: 3}
      propertyPath: m_LocalPosition.z
      value: -4.6566123e-10
      objectReference: {fileID: 0}
    - target: {fileID: 608321761475470972, guid: 439754c65854dfd45befa5e6ce38aab6, type: 3}
      propertyPath: m_LocalRotation.w
      value: 0.85515076
      objectReference: {fileID: 0}
    - target: {fileID: 608321761475470972, guid: 439754c65854dfd45befa5e6ce38aab6, type: 3}
      propertyPath: m_LocalRotation.x
      value: 0.4779147
      objectReference: {fileID: 0}
    - target: {fileID: 608321761475470972, guid: 439754c65854dfd45befa5e6ce38aab6, type: 3}
      propertyPath: m_LocalRotation.y
      value: -0.19856378
      objectReference: {fileID: 0}
    - target: {fileID: 608321761475470972, guid: 439754c65854dfd45befa5e6ce38aab6, type: 3}
      propertyPath: m_LocalRotation.z
      value: 0.029785767
      objectReference: {fileID: 0}
    - target: {fileID: 919132149155446097, guid: 439754c65854dfd45befa5e6ce38aab6, type: 3}
      propertyPath: m_Name
      value: Model
      objectReference: {fileID: 0}
    - target: {fileID: 1852576806548013000, guid: 439754c65854dfd45befa5e6ce38aab6, type: 3}
      propertyPath: m_LocalPosition.x
      value: 0.0000003054737
      objectReference: {fileID: 0}
    - target: {fileID: 1852576806548013000, guid: 439754c65854dfd45befa5e6ce38aab6, type: 3}
      propertyPath: m_LocalPosition.y
      value: 0.69082147
      objectReference: {fileID: 0}
    - target: {fileID: 1852576806548013000, guid: 439754c65854dfd45befa5e6ce38aab6, type: 3}
      propertyPath: m_LocalPosition.z
      value: 0.0000000013969834
      objectReference: {fileID: 0}
    - target: {fileID: 1852576806548013000, guid: 439754c65854dfd45befa5e6ce38aab6, type: 3}
      propertyPath: m_LocalRotation.w
      value: 0.99998957
      objectReference: {fileID: 0}
    - target: {fileID: 1852576806548013000, guid: 439754c65854dfd45befa5e6ce38aab6, type: 3}
      propertyPath: m_LocalRotation.x
      value: -0.00000028312206
      objectReference: {fileID: 0}
    - target: {fileID: 1852576806548013000, guid: 439754c65854dfd45befa5e6ce38aab6, type: 3}
      propertyPath: m_LocalRotation.y
      value: -0.004568666
      objectReference: {fileID: 0}
    - target: {fileID: 1852576806548013000, guid: 439754c65854dfd45befa5e6ce38aab6, type: 3}
      propertyPath: m_LocalRotation.z
      value: -0.00003567338
      objectReference: {fileID: 0}
    - target: {fileID: 2559285840627121667, guid: 439754c65854dfd45befa5e6ce38aab6, type: 3}
      propertyPath: m_LocalPosition.x
      value: -0.2042097
      objectReference: {fileID: 0}
    - target: {fileID: 2559285840627121667, guid: 439754c65854dfd45befa5e6ce38aab6, type: 3}
      propertyPath: m_LocalPosition.y
      value: -0.18795872
      objectReference: {fileID: 0}
    - target: {fileID: 2559285840627121667, guid: 439754c65854dfd45befa5e6ce38aab6, type: 3}
      propertyPath: m_LocalRotation.w
      value: 0.0712626
      objectReference: {fileID: 0}
    - target: {fileID: 2559285840627121667, guid: 439754c65854dfd45befa5e6ce38aab6, type: 3}
      propertyPath: m_LocalRotation.x
      value: -0.068267755
      objectReference: {fileID: 0}
    - target: {fileID: 2559285840627121667, guid: 439754c65854dfd45befa5e6ce38aab6, type: 3}
      propertyPath: m_LocalRotation.y
      value: 0.33349186
      objectReference: {fileID: 0}
    - target: {fileID: 2559285840627121667, guid: 439754c65854dfd45befa5e6ce38aab6, type: 3}
      propertyPath: m_LocalRotation.z
      value: 0.9375737
      objectReference: {fileID: 0}
    - target: {fileID: 2563496969622287784, guid: 439754c65854dfd45befa5e6ce38aab6, type: 3}
      propertyPath: m_LocalPosition.x
      value: -0.000000028870996
      objectReference: {fileID: 0}
    - target: {fileID: 2563496969622287784, guid: 439754c65854dfd45befa5e6ce38aab6, type: 3}
      propertyPath: m_LocalPosition.z
      value: -0.0000000782311
      objectReference: {fileID: 0}
    - target: {fileID: 2563496969622287784, guid: 439754c65854dfd45befa5e6ce38aab6, type: 3}
      propertyPath: m_LocalRotation.w
      value: 0.4020341
      objectReference: {fileID: 0}
    - target: {fileID: 2563496969622287784, guid: 439754c65854dfd45befa5e6ce38aab6, type: 3}
      propertyPath: m_LocalRotation.x
      value: -0.6185102
      objectReference: {fileID: 0}
    - target: {fileID: 2563496969622287784, guid: 439754c65854dfd45befa5e6ce38aab6, type: 3}
      propertyPath: m_LocalRotation.y
      value: 0.37498742
      objectReference: {fileID: 0}
    - target: {fileID: 2563496969622287784, guid: 439754c65854dfd45befa5e6ce38aab6, type: 3}
      propertyPath: m_LocalRotation.z
      value: 0.5614252
      objectReference: {fileID: 0}
    - target: {fileID: 2916570863362053800, guid: 439754c65854dfd45befa5e6ce38aab6, type: 3}
      propertyPath: m_LocalPosition.x
      value: 0.000000014901148
      objectReference: {fileID: 0}
    - target: {fileID: 2916570863362053800, guid: 439754c65854dfd45befa5e6ce38aab6, type: 3}
      propertyPath: m_LocalPosition.y
      value: 0.36258423
      objectReference: {fileID: 0}
    - target: {fileID: 2916570863362053800, guid: 439754c65854dfd45befa5e6ce38aab6, type: 3}
      propertyPath: m_LocalPosition.z
      value: -0.000000059604623
      objectReference: {fileID: 0}
    - target: {fileID: 2916570863362053800, guid: 439754c65854dfd45befa5e6ce38aab6, type: 3}
      propertyPath: m_LocalRotation.w
      value: 0.9501997
      objectReference: {fileID: 0}
    - target: {fileID: 2916570863362053800, guid: 439754c65854dfd45befa5e6ce38aab6, type: 3}
      propertyPath: m_LocalRotation.x
      value: 0.28854486
      objectReference: {fileID: 0}
    - target: {fileID: 2916570863362053800, guid: 439754c65854dfd45befa5e6ce38aab6, type: 3}
      propertyPath: m_LocalRotation.y
      value: -0.112659246
      objectReference: {fileID: 0}
    - target: {fileID: 2916570863362053800, guid: 439754c65854dfd45befa5e6ce38aab6, type: 3}
      propertyPath: m_LocalRotation.z
      value: 0.034210853
      objectReference: {fileID: 0}
    - target: {fileID: 5465940246521907071, guid: 439754c65854dfd45befa5e6ce38aab6, type: 3}
      propertyPath: m_LocalPosition.x
      value: 0.00021923528
      objectReference: {fileID: 0}
    - target: {fileID: 5465940246521907071, guid: 439754c65854dfd45befa5e6ce38aab6, type: 3}
      propertyPath: m_LocalPosition.y
      value: 2.100079
      objectReference: {fileID: 0}
    - target: {fileID: 5465940246521907071, guid: 439754c65854dfd45befa5e6ce38aab6, type: 3}
      propertyPath: m_LocalPosition.z
      value: -0.364514
      objectReference: {fileID: 0}
    - target: {fileID: 5465940246521907071, guid: 439754c65854dfd45befa5e6ce38aab6, type: 3}
      propertyPath: m_LocalRotation.w
      value: 0.99108887
      objectReference: {fileID: 0}
    - target: {fileID: 5465940246521907071, guid: 439754c65854dfd45befa5e6ce38aab6, type: 3}
      propertyPath: m_LocalRotation.x
      value: 0.13214548
      objectReference: {fileID: 0}
    - target: {fileID: 5465940246521907071, guid: 439754c65854dfd45befa5e6ce38aab6, type: 3}
      propertyPath: m_LocalRotation.y
      value: 0.016740961
      objectReference: {fileID: 0}
    - target: {fileID: 5465940246521907071, guid: 439754c65854dfd45befa5e6ce38aab6, type: 3}
      propertyPath: m_LocalRotation.z
      value: 0.0005087688
      objectReference: {fileID: 0}
    - target: {fileID: 5866666021909216657, guid: 439754c65854dfd45befa5e6ce38aab6, type: 3}
      propertyPath: m_Controller
      value: 
      objectReference: {fileID: 9100000, guid: 78edc637ba632994ba9a19fc4e0fb663, type: 2}
    - target: {fileID: 6000407479487422213, guid: 439754c65854dfd45befa5e6ce38aab6, type: 3}
      propertyPath: m_LocalPosition.x
      value: 0.000000008614733
      objectReference: {fileID: 0}
    - target: {fileID: 6000407479487422213, guid: 439754c65854dfd45befa5e6ce38aab6, type: 3}
      propertyPath: m_LocalPosition.y
      value: 0.3915073
      objectReference: {fileID: 0}
    - target: {fileID: 6000407479487422213, guid: 439754c65854dfd45befa5e6ce38aab6, type: 3}
      propertyPath: m_LocalPosition.z
      value: -0.000000059604638
      objectReference: {fileID: 0}
    - target: {fileID: 6000407479487422213, guid: 439754c65854dfd45befa5e6ce38aab6, type: 3}
      propertyPath: m_LocalRotation.w
      value: -0.8334459
      objectReference: {fileID: 0}
    - target: {fileID: 6000407479487422213, guid: 439754c65854dfd45befa5e6ce38aab6, type: 3}
      propertyPath: m_LocalRotation.x
      value: -0.4650829
      objectReference: {fileID: 0}
    - target: {fileID: 6000407479487422213, guid: 439754c65854dfd45befa5e6ce38aab6, type: 3}
      propertyPath: m_LocalRotation.y
      value: -0.034891546
      objectReference: {fileID: 0}
    - target: {fileID: 6000407479487422213, guid: 439754c65854dfd45befa5e6ce38aab6, type: 3}
      propertyPath: m_LocalRotation.z
      value: -0.2963924
      objectReference: {fileID: 0}
    - target: {fileID: 6502182839619065283, guid: 439754c65854dfd45befa5e6ce38aab6, type: 3}
      propertyPath: m_LocalPosition.x
      value: 0.00000017136335
      objectReference: {fileID: 0}
    - target: {fileID: 6502182839619065283, guid: 439754c65854dfd45befa5e6ce38aab6, type: 3}
      propertyPath: m_LocalPosition.y
      value: 0.69082433
      objectReference: {fileID: 0}
    - target: {fileID: 6502182839619065283, guid: 439754c65854dfd45befa5e6ce38aab6, type: 3}
      propertyPath: m_LocalPosition.z
      value: 9.3132185e-10
      objectReference: {fileID: 0}
    - target: {fileID: 6502182839619065283, guid: 439754c65854dfd45befa5e6ce38aab6, type: 3}
      propertyPath: m_LocalRotation.w
      value: 0.9999884
      objectReference: {fileID: 0}
    - target: {fileID: 6502182839619065283, guid: 439754c65854dfd45befa5e6ce38aab6, type: 3}
      propertyPath: m_LocalRotation.x
      value: 0.0000034868717
      objectReference: {fileID: 0}
    - target: {fileID: 6502182839619065283, guid: 439754c65854dfd45befa5e6ce38aab6, type: 3}
      propertyPath: m_LocalRotation.y
      value: 0.0048163086
      objectReference: {fileID: 0}
    - target: {fileID: 6502182839619065283, guid: 439754c65854dfd45befa5e6ce38aab6, type: 3}
      propertyPath: m_LocalRotation.z
      value: 0.00029979646
      objectReference: {fileID: 0}
    - target: {fileID: 6515712193588681746, guid: 439754c65854dfd45befa5e6ce38aab6, type: 3}
      propertyPath: m_LocalPosition.x
      value: -1.4458115e-10
      objectReference: {fileID: 0}
    - target: {fileID: 6515712193588681746, guid: 439754c65854dfd45befa5e6ce38aab6, type: 3}
      propertyPath: m_LocalPosition.y
      value: 0.5071497
      objectReference: {fileID: 0}
    - target: {fileID: 6515712193588681746, guid: 439754c65854dfd45befa5e6ce38aab6, type: 3}
      propertyPath: m_LocalPosition.z
      value: 0.000000022351745
      objectReference: {fileID: 0}
    - target: {fileID: 6515712193588681746, guid: 439754c65854dfd45befa5e6ce38aab6, type: 3}
      propertyPath: m_LocalRotation.w
      value: 0.99613035
      objectReference: {fileID: 0}
    - target: {fileID: 6515712193588681746, guid: 439754c65854dfd45befa5e6ce38aab6, type: 3}
      propertyPath: m_LocalRotation.x
      value: -0.08767191
      objectReference: {fileID: 0}
    - target: {fileID: 6515712193588681746, guid: 439754c65854dfd45befa5e6ce38aab6, type: 3}
      propertyPath: m_LocalRotation.y
      value: -0.0055815284
      objectReference: {fileID: 0}
    - target: {fileID: 6515712193588681746, guid: 439754c65854dfd45befa5e6ce38aab6, type: 3}
      propertyPath: m_LocalRotation.z
      value: 0.0026407542
      objectReference: {fileID: 0}
    - target: {fileID: 7078722787440015773, guid: 439754c65854dfd45befa5e6ce38aab6, type: 3}
      propertyPath: m_LocalPosition.x
      value: 0.17836033
      objectReference: {fileID: 0}
    - target: {fileID: 7078722787440015773, guid: 439754c65854dfd45befa5e6ce38aab6, type: 3}
      propertyPath: m_LocalPosition.y
      value: 0.44160286
      objectReference: {fileID: 0}
    - target: {fileID: 7078722787440015773, guid: 439754c65854dfd45befa5e6ce38aab6, type: 3}
      propertyPath: m_LocalPosition.z
      value: -0.001941452
      objectReference: {fileID: 0}
    - target: {fileID: 7078722787440015773, guid: 439754c65854dfd45befa5e6ce38aab6, type: 3}
      propertyPath: m_LocalRotation.w
      value: -0.47525278
      objectReference: {fileID: 0}
    - target: {fileID: 7078722787440015773, guid: 439754c65854dfd45befa5e6ce38aab6, type: 3}
      propertyPath: m_LocalRotation.x
      value: -0.4903576
      objectReference: {fileID: 0}
    - target: {fileID: 7078722787440015773, guid: 439754c65854dfd45befa5e6ce38aab6, type: 3}
      propertyPath: m_LocalRotation.y
      value: -0.5135594
      objectReference: {fileID: 0}
    - target: {fileID: 7078722787440015773, guid: 439754c65854dfd45befa5e6ce38aab6, type: 3}
      propertyPath: m_LocalRotation.z
      value: 0.5195585
      objectReference: {fileID: 0}
    - target: {fileID: 8169382868667117632, guid: 439754c65854dfd45befa5e6ce38aab6, type: 3}
      propertyPath: m_LocalPosition.x
      value: 0.2042097
      objectReference: {fileID: 0}
    - target: {fileID: 8169382868667117632, guid: 439754c65854dfd45befa5e6ce38aab6, type: 3}
      propertyPath: m_LocalPosition.y
      value: -0.18795872
      objectReference: {fileID: 0}
    - target: {fileID: 8169382868667117632, guid: 439754c65854dfd45befa5e6ce38aab6, type: 3}
      propertyPath: m_LocalRotation.w
      value: -0.05416292
      objectReference: {fileID: 0}
    - target: {fileID: 8169382868667117632, guid: 439754c65854dfd45befa5e6ce38aab6, type: 3}
      propertyPath: m_LocalRotation.x
      value: 0.04847887
      objectReference: {fileID: 0}
    - target: {fileID: 8169382868667117632, guid: 439754c65854dfd45befa5e6ce38aab6, type: 3}
      propertyPath: m_LocalRotation.y
      value: 0.33711416
      objectReference: {fileID: 0}
    - target: {fileID: 8169382868667117632, guid: 439754c65854dfd45befa5e6ce38aab6, type: 3}
      propertyPath: m_LocalRotation.z
      value: 0.93865347
      objectReference: {fileID: 0}
    m_RemovedComponents:
    - {fileID: 5866666021909216657, guid: 439754c65854dfd45befa5e6ce38aab6, type: 3}
  m_SourcePrefab: {fileID: 100100000, guid: 439754c65854dfd45befa5e6ce38aab6, type: 3}
--- !u!1 &3726777300212237696 stripped
GameObject:
  m_CorrespondingSourceObject: {fileID: 919132149155446097, guid: 439754c65854dfd45befa5e6ce38aab6, type: 3}
  m_PrefabInstance: {fileID: 4573763744075544785}
  m_PrefabAsset: {fileID: 0}
--- !u!4 &4103901419702296378 stripped
Transform:
  m_CorrespondingSourceObject: {fileID: -8679921383154817045, guid: 439754c65854dfd45befa5e6ce38aab6, type: 3}
  m_PrefabInstance: {fileID: 4573763744075544785}
  m_PrefabAsset: {fileID: 0}
